 Dungeon Crawl Stone Soup version 0.27-a0-277-g024f7ef292 (webtiles) character file.

Game seed: 5797373156647685517

128 siradein the Slasher (level 4, 0/35 HPs)
             Began as a Demonspawn Fighter on Feb 6, 2021.
             Was an Initiate of Yredelemnul.
             Slain by Grinder (3 damage)
             ... on level 3 of the Dungeon.
             The game lasted 00:04:12 (2628 turns).

siradein the Slasher (Demonspawn Fighter)           Turns: 2628, Time: 00:04:14

Health: 0/35       AC: 13    Str: 16    XL:     4   Next: 86%
Magic:  4/4        EV:  6    Int:  9    God:    Yredelemnul [......]
Gold:   76         SH: 12    Dex: 14    Spells: 3/3 levels left

rFire    . . .     SeeInvis .   a - +0 long sword
rCold    . . .     Faith    .   c - +0 kite shield
rNeg     . . .     Spirit   .   b - +0 scale mail
rPois    .         Reflect  .   (no helmet)
rElec    .         Harm     .   o - +0 cloak
rCorr    .         Rampage  .   (no gloves)
Will     .....                  (no boots)
Stlth    ..........             (no amulet)
HPRegen  0.11/turn              (no ring)
MPRegen  0.09/turn              (no ring)

@: sanguine armour
A: sanguine armour 1, condensation shield
a: Renounce Religion


You were on level 3 of the Dungeon.
You worshipped Yredelemnul.
Yredelemnul was noncommittal.
You visited 1 branch of the dungeon, and saw 3 of its levels.

You collected 76 gold pieces.

Inventory:

Hand Weapons
 a - a +0 long sword (weapon)
Armour
 b - a +0 scale mail (worn)
 c - a +0 kite shield (worn)
 o - a +0 cloak (worn)
Scrolls
 e - a scroll of amnesia {unknown}
 f - 5 scrolls of identify {unknown}
 i - 5 scrolls of immolation {unknown}
 k - a scroll of magic mapping {unknown}
 l - a scroll of noise {unknown}
 m - 2 scrolls of remove curse {unknown}
Potions
 d - a potion of might
 g - a potion of resistance {unknown}
 h - a potion of magic {unknown}
 j - a potion of brilliance {unknown}
 n - 5 potions of curing {unknown}


   Skills:
 - Level 3.0 Fighting
 + Level 4.7 Long Blades
 - Level 2.6 Armour
 - Level 2.6 Shields


You had 3 spell levels left.
You didn't know any spells.
Your spell library was empty.

Dungeon Overview and Level Annotations

Branches:
Dungeon (3/15)

Altars:
Yredelemnul

Annotations:
D:3 Grinder


Innate Abilities, Weirdness & Mutations

When seriously injured, your bleeding wounds create armour. (AC +6)
A meltable shield of frost defends you. (SH +4)


Message History

You hear the slow rusting of a very distant drain.
An adder comes into view.
Your transformation has ended.
Your +0 long sword unmelds from your body.
Your +0 cloak unmelds from your body.
Your +0 kite shield unmelds from your body.
Your +0 scale mail unmelds from your body.
Found a stone staircase leading up.
Grinder hits you but does no damage.
You slash Grinder!
Grinder is moderately wounded.
Grinder says, "Just stop there for a second..."
You block Grinder's attack. x2
You hit Grinder.
Grinder is moderately wounded.
Grinder hits you!
* * * LOW HITPOINT WARNING * * *
You writhe in agony.
You die...
Your body rises from the dead as a mindless zombie.

#.....§.....†.#
#.#############
#.# #.# #.# #.#
#.#
#.###########
#†<5@.......#
###########.#
<.# ..# ..# ..#
#.S .#


You could see Grinder.

Vanquished Creatures
  A scorpion (D:2)
  An adder (D:2)
  An ooze (D:2)
  A dart slug (D:2)
  A leopard gecko (D:1)
  An orc (D:2)
  A ball python (D:2)
  3 giant cockroaches
  9 goblins
  4 hobgoblins
  8 jackals (D:1)
  5 kobolds
  2 quokkas (D:2)
  6 bats
  5 frilled lizards (D:1)
  8 rats
57 creatures vanquished.

Notes
Turn   | Place    | Note
-------+----------+-------------------------------------------
     0 | D:1      | siradein the Demonspawn Fighter began the quest for the
                  | Orb.
     0 | D:1      | Reached XP level 1. HP: 18/18 MP: 1/1
    21 | D:1      | Reached skill level 2 in Long Blades
   183 | D:1      | Gained mutation: When seriously injured, your bleeding
                  | wounds create armour. (AC +6) [demonic ancestry]
   183 | D:1      | Reached XP level 2. HP: 23/24 MP: 2/2
   479 | D:1      | Reached skill level 3 in Long Blades
   908 | D:1      | Gained mutation: A meltable shield of frost defends you.
                  | (SH +4) [demonic ancestry]
   908 | D:1      | Reached XP level 3. HP: 26/29 MP: 3/3
  1708 | D:2      | Found a basalt altar of Yredelemnul.
  1788 | D:2      | Became a worshipper of Yredelemnul the Dark
  1808 | D:2      | Noticed a scorpion
  1820 | D:2      | Killed a scorpion
  1821 | D:2      | Reached skill level 4 in Long Blades
  1821 | D:2      | Reached XP level 4. HP: 18/35 MP: 4/4
  2583 | D:3      | Noticed Grinder
  2628 | D:3      | Slain by Grinder

Illustrated notes

Levels and vault maps discovered:
D:1:      minmay_arrival_split_and_join, layout_basic, minmay_tetromino_t4
D:2:      layout_loops_corners, yredelemnul_altar_generic
D:3:      layout_loops_ring, portal_sewer_entry_f, kennysheep_nub,
          minmay_fractal_squares_diagonal_5, uniq_grinder, uniq_terence,
          uniq_jessica

Skill      XL: |  1  2  3 |
---------------+----------+-----
Long Blades    | 2 3 4 |  4.7
Fighting       | |  3.0
Armour         | |  2.6
Shields        | |  2.6

Action                   |  1- 3 |  4- 6 || total
-------------------------+-------+-------++-------
Melee: Long sword        |   150 |    31 ||   181
       Unarmed           |       |     3 ||     3
Armor: Scale mail        |    72 |     7 ||    79
Dodge: Dodged            |    35 |     5 ||    40
Block: Kite shield       |   103 |    17 ||   120
       Rpst.: Long sword |    11 |     1 ||    12

Table legend: (Time is in decaauts)
 A = Elapsed time spent in this place.
 B = Non-inter-level travel time spent in this place.
 C = Inter-level travel time spent in this place.
 D = Time resting spent in this place.
 E = Time spent auto-exploring this place.
 F = Levels seen in this place.
 G = Mean time per level.
                   A        B        C        D        E       F      G
               +--------+--------+--------+--------+--------+-----+--------+
         Total |   2707 |   2585 |    122 |      0 |   2043 |   3 |  902.3 |
       Dungeon |   2707 |   2585 |    122 |      0 |   2043 |   3 |  902.3 |
               +--------+--------+--------+--------+--------+-----+--------+

Top non-repeatable levels by time:
     D:1: 1569 daAuts
     D:2: 1074 daAuts
     D:3: 62 daAuts
